 Dungeon Crawl Stone Soup version 0.18.1-8-gdd0e5ea (webtiles) character file.

332890 nikopol the Phalangite (level 20, -3/283 HPs)
             Began as a Minotaur Berserker on June 6, 2016.
             Was the Champion of Trog.
             Slain by a phantasmal warrior (22 damage)
             ... on level 5 of the Vaults on June 7, 2016.
             The game lasted 03:20:22 (42952 turns).

nikopol the Phalangite (Minotaur Berserker)        Turns: 42952, Time: 03:20:23

Health: -3/283     AC: 48    Str: 37    XL:     20   Next: 90%
Magic:  19/19      EV: 25    Int:  4    God:    Trog [******]
Gold:   2117       SH:  0    Dex: 21    Spells: 0 memorised, 19 levels left

rFire  . . .     SeeInvis +     x - +8 glaive of the Guard {elec, +Rage AC+5 SInv}
rCold  . . .     Gourm    .     S - +12 shadow dragon armour of Uluhir {rN+ Stlth++++}
rNeg   + + +     Faith    +     (shield currently unavailable)
rPois  +         Spirit   .     Z - +2 hat of the High Council {Archmagi, Wiz- Stlth-}
rElec  .         Dismiss  .     i - +2 cloak
rCorr  .         Reflect  .     h - +2 pair of gloves
SustAt .         Harm     .     w - +2 pair of boots {run}
MR     ++...                    W - amulet of the Many Ships {Faith Fragile Str+7 Slay+4}
Stlth  ..........               C - ring "Piguneon" {MR+ Dex+3}
                                a - ring of Irchiffa {*Drain rPois rN++ Str+4 Slay+6}

@: berserking, lethally poisoned (-3 -> -16), very quick, very resistant to
hostile enchantments, extremely unstealthy
A: retaliatory headbutt, horns 2, weak 1, wild magic 1
a: Berserk, Trog's Hand, Brothers in Arms, Burn Spellbooks, Renounce Religion,
Evoke Berserk Rage
}: 2/15 runes: barnacled, gossamer


You were on level 5 of the Vaults.
You worshipped Trog.
Trog was exalted by your worship.
You were hungry.

You visited 6 branches of the dungeon, and saw 38 of its levels.
You also visited: Labyrinth, Ossuary, Bailey and Ice Cave.

You collected 5195 gold pieces.
You spent 3078 gold pieces at shops.

Inventory:

Hand Weapons
 c - a +9 longbow of velocity
 x - the +8 glaive of the Guard (weapon) {elec, +Rage AC+5 SInv}
   (Trog gifted it to you on level 2 of the Vaults)

   Occasionally, upon striking a foe, it will discharge some electrical energy
   and cause terrible harm.
   It affects your AC (+5).
   It lets you see invisible.
   It lets you go berserk.
Missiles
 n - 930 arrows (quivered)
Armour
 h - a +2 pair of gloves (worn)
 i - a +2 cloak (worn)
 w - a +2 pair of boots of running (worn)
 Q - a +2 ice dragon armour
 S - the +12 shadow dragon armour of Uluhir (worn) {rN+ Stlth++++}
   (You took it off a minotaur in a labyrinth)

   It protects you from negative energy.
   It makes you much more stealthy.
 Z - the +2 hat of the High Council (worn) {Archmagi, Wiz- Stlth-}
   (You found it in a labyrinth)

   It makes you less stealthy.
Jewellery
 a - the ring of Irchiffa (left hand) {*Drain rPois rN++ Str+4 Slay+6}
   (You found it in a labyrinth)

   [ring of poison resistance]

   It affects your strength (+4).
   It affects your accuracy and damage with ranged weapons and melee attacks
   (+6).
   It protects you from poison.
   It greatly protects you from negative energy.
   It causes draining when unequipped.
 t - the ring "Noine" {*Contam +Blink +Fly MR+}
   (You bought it in a shop on level 1 of the Shoals)

   [ring of protection from magic]

   It affects your resistance to hostile enchantments.
   It lets you fly.
   It lets you blink.
   It causes magical contamination when unequipped.
 u - an uncursed ring of protection from magic
 C - the ring "Piguneon" (right hand) {MR+ Dex+3}
   (You found it on level 4 of the Shoals)

   [ring of protection from magic]

   It affects your dexterity (+3).
   It affects your resistance to hostile enchantments.
 J - an uncursed ring of sustain attributes
 T - an uncursed ring of resist corrosion
 W - the amulet of the Many Ships (around neck) {Faith Fragile Str+7 Slay+4}
   (You bought it in a shop on level 1 of the Shoals)

   [amulet of faith]

   It allows you to gain divine favour quickly.
   It affects your strength (+7).
   It affects your accuracy and damage with ranged weapons and melee attacks
   (+4).
   It will be destroyed if unequipped.
Wands
 b - a wand of heal wounds (4/9)
 e - a wand of digging (14/24)
 f - a wand of teleportation (3/9)
 F - a wand of disintegration (24/24)
Scrolls
 j - 17 scrolls of remove curse
 o - 5 scrolls of magic mapping
 y - 3 scrolls of fog
 z - 4 scrolls of recharging
 A - a scroll of summoning
 D - 9 scrolls of fear
 G - 8 scrolls of teleportation
 L - a scroll of silence
 R - a scroll of enchant weapon
Potions
 g - 14 potions of curing
 k - 3 potions of agility
 l - 8 potions of heal wounds
 m - 10 potions of flight
 q - a potion of brilliance
 r - 3 potions of invisibility
 B - 2 potions of magic
 E - 2 potions of might
 H - a potion of berserk rage
 I - 5 potions of cancellation
 N - 2 potions of haste
 P - 5 potions of ambrosia
 U - 4 potions of resistance
 X - 5 potions of cure mutation
Comestibles
 d - 37 fruits
 p - 14 meat rations
 v - 4 chunks of flesh
 K - 20 bread rations
 M - 6 slices of pizza
 O - 12 royal jellies
 V - 9 beef jerkies


   Skills:
 + Level 18.5 Fighting
 + Level 21.5 Polearms
 - Level 21.2 Bows
 + Level 18.5 Armour
 + Level 17.4 Dodging


You had 19 spell levels left.
You didn't know any spells.

Dungeon Overview and Level Annotations

Branches:
Dungeon (15/15)            Temple (0/1) D:5            Lair (8/8) D:8
 Shoals (4/4) Lair:5       Spider (4/4) Lair:4        Slime (0/6) Lair:8
    Orc (2/2) D:9             Elf (0/3) Orc:2        Vaults (5/5) D:14
  Crypt (0/3) Vaults:3     Depths (0/5) D:15

Altars:
Ashenzari
Dithmenos
Fedhas
Pakellas
Ru
Sif Muna
Vehumet
Zin
The Shining One
Jiyva

Shops:
D:4 %   D:13 :   Orc:2 *([(   Shoals:1 =   Shoals:2 (!=(?   Vaults:1 %
Vaults:2 *!


Innate Abilities, Weirdness & Mutations

You reflexively headbutt those who attack you in melee.
You have a pair of horns on your head.
You are weak. (Str -2)
Your spells are a little harder to cast, but a little more powerful.


Message History

The small abomination hits you but does no damage.
The deep elf high priest calls down the wrath of its god upon you.
Something smites you!
* * * LOW HITPOINT WARNING * * *
A deep elf annihilator comes into view. It is wielding a long sword.
You cut the deep elf high priest into ribbons!!!
You kill the deep elf high priest!
Trog accepts your kill.
You feel sick. The sphinx completely misses you.
The sphinx hits you but does no damage. The sphinx completely misses you.
The vault guard hits you but does no damage.
The stone giant hits you but does no damage.
The vault guard misses you. You furiously retaliate!
You headbutt the vault guard!!
You are too berserk!
You are too berserk!
You barely miss the fire giant. You headbutt the fire giant.
The fire giant is almost dead.
You feel sick. The phantasmal warrior hits you!!
You die...

.# #....#.e# W#
#....#..##
#.##....#...
#C.........
#####........#####
........D.........
.....[Cpp<......?.
......C@Wp<.......
......xHC<........
#####..x.....#####
........pW..
###.#....#c...
#.#(...#..[...
#.#$...#.....C
..#....#....D.


You could see a storm dragon, 2 fire giants, a sphinx, a stone giant, a vault
warden, a yaktaur captain, 3 vault guards, a deep elf annihilator, an ettin, 3
phantasmal warriors and 2 small abominations.

Vanquished Creatures
  Sojobo (Vaults:2)
  Saint Roka (Vaults:3)
  Frederick (Vaults:2)
  Norris (Vaults:2)
  Jory (Vaults:4)
  A tentacled monstrosity (Vaults:4)
  A titan (Vaults:5)
  A quicksilver dragon (Vaults:5)
  2 krakens
  Gastronok (Lair:1)
  2 sphinxes (Vaults:2)
  Ilsuiw (Shoals:4)
  2 tengu reavers (Vaults:2)
  Wiglaf (Vaults:4)
  A storm dragon (Vaults:5)
  8 vault wardens
  5 emperor scorpions
  A frost giant (IceCv)
  4 ghost moths (Spider:4)
  An orc warlord (Orc:2)
  7 ironheart preservers
  3 very ugly things (Vaults:4)
  2 stone giants
  A vampire knight (Vaults:3)
  2 spark wasps (Spider:4)
  Snorg (Lair:5)
  8 merfolk javelineers
  A deep elf death mage (Vaults:1)
  2 ettins (Orc:2)
  28 vault guards
  2 great orbs of eyes
  A minotaur (Lab)
  12 ogre magi
  7 yaktaur captains
  6 merfolk impalers
  Josephine (D:15)
  3 fire dragons
  2 deep elf high priests (Vaults:5)
  2 ice dragons
  Harold (Lair:3)
  6 hydras
  4 merfolk avatars
  8 centaur warriors
  2 alligator snapping turtles
  8 merfolk aquamancers
  3 death knights
  Erica (Lair:1)
  A dancing weapon (Vaults:5)
  4 deep troll shamans
  10 death yaks
  A tengu warrior (D:13)
  5 deep elf knights
  A fire crab (Vaults:3)
  11 skeletal warriors
  An unseen horror (D:15)
  9 deep trolls
  A shadow wraith (Vaults:3)
  11 sea snakes
  2 giant orange brains
  15 harpies
  15 orc knights
  16 ironbrand convokers
  2 flayed ghosts
  3 hill giants
  2 lindwurms (Lair:8)
  A wizard (Vaults:3)
  3 deep elf archers
  A necromancer (D:15)
  A wolf spider zombie (D:15)
  26 ugly things
  10 orb spiders
  A fire giant zombie (D:15)
  13 deep elf magi
  7 fauns
  3 phantasmal warriors
  14 griffons
  29 wolf spiders
  10 cyclopes
  A hornet (shapeshifter) (D:12)
  3 orc sorcerers
  6 hornets
  16 manticores
  4 sirens
  2 moths of wrath
  9 vault sentinels
  An ice statue (IceCv)
  2 black mambas (shapeshifter)
  3 black mambas
  7 water nymphs
  Psyche (D:12)
  9 spiny frogs
  7 torpor snails
  6 kobold demonologists
  A spriggan zombie (D:15)
  3 rime drakes
  4 komodo dragons
  28 yaktaurs
  3 freezing wraiths
  A queen bee (Lair:1)
  A yaktaur skeleton (D:15)
  An efreet (D:15)
  10 demonic crawlers
  2 harpy zombies (Shoals:4)
  21 jumping spiders
  36 merfolk
  21 trolls
  5 giant leeches (Lair:8)
  24 polar bears
  Prince Ribbit (D:8)
  7 wind drakes
  9 snapping turtles
  36 two-headed ogres
  Grinder (D:6)
  2 griffon zombies (Shoals:4)
  2 boulder beetles
  5 blink frogs (Lair:7)
  37 slime creatures
  A flying skull (Vaults:3)
  A vampire (D:15)
  11 wraiths
  A spriggan (D:7)
  83 redbacks
  30 tarantellas
  3 wyverns
  22 water elementals
  2 shadows (Lab)
  An elf zombie (D:15)
  Grum (D:8)
  A yak (shapeshifter) (Vaults:2)
  17 vampire mosquitoes
  6 basilisks
  60 yaks
  4 hungry ghosts
  12 hippogriffs
  A basilisk (shapeshifter) (Vaults:3)
  A warg (shapeshifter) (Vaults:3)
  A redback simulacrum (D:15)
  3 wargs
  2 mottled dragons
  Edmund (D:5)
  A soldier ant (shapeshifter) (Vaults:2)
  A soldier ant (D:14)
  21 water moccasins
  11 porcupines
  52 orc warriors
  2 black bears
  8 ice beasts
  5 wasps
  3 eyes of draining
  6 sky beasts
  5 boggarts
  52 ogres
  31 wolves
  A phantom (D:4)
  18 centaurs
  8 big kobolds
  12 crocodiles
  A wyvern zombie (D:10)
  18 giant frogs
  A wyvern skeleton (D:10)
  14 scorpions
  26 killer bees
  3 wights (D:12)
  2 electric eels (D:12)
  5 howler monkeys
  8 crimson imps
  A quasit (D:9)
  6 centaur zombies
  A giant frog zombie (D:11)
  5 hounds
  25 orc wizards
  2 jellies
  A gnoll shaman (D:5)
  6 centaur skeletons
  4 giant frog skeletons
  2 human zombies (Ossuary)
  14 orc priests
  6 iguanas
  4 hell rats (Lair:2)
  7 worker ants
  55 sheep
  A giant frog simulacrum (D:12)
  2 centaur simulacra (D:12)
  A hound zombie (D:7)
  A hound skeleton (D:4)
  3 mummies (Ossuary)
  A worker ant zombie (D:10)
  8 gnolls
  5 scorpion zombies (Ossuary)
  6 adders
  81 river rats
  2 shadow imps
  15 white imps
  3 ufetubi
  An ooze (D:2)
  22 worms
  10 giant geckos
  80 orcs
  A bat zombie (Shoals:4)
  8 giant cockroaches
  5 goblins
  6 hobgoblins
  11 jackals
  28 kobolds
  5 quokkas
  2 ball pythons
  10 bats
  A giant gecko skeleton (D:4)
  4 giant newts
  3 gnoll zombies (Ossuary)
  2 goblin zombies
  A hobgoblin zombie (Ossuary)
  A jackal skeleton (D:4)
  A kobold zombie (Ossuary)
  An orc zombie (Ossuary)
  7 rats
  A rat zombie (D:8)
  4 fungi
  7 plants
  4 tentacles
1802 creatures vanquished.

Vanquished Creatures (collateral kills)
  A killer bee (Lair:1)
1 creature vanquished.

Vanquished Creatures (others)
  15 fungi
  25 plants
  9 tentacles
  100 tentacle segments
149 creatures vanquished.

Grand Total: 1952 creatures vanquished

Notes
Turn   | Place    | Note
--------------------------------------------------------------
     0 | D:1      | nikopol the Minotaur Berserker began the quest for the Orb.
     0 | D:1      | Reached XP level 1. HP: 19/19 MP: 0/0
   266 | D:1      | Reached XP level 2. HP: 27/27 MP: 1/1
   667 | D:2      | Reached ** piety under Trog
   673 | D:2      | Reached XP level 3. HP: 33/33 MP: 2/2
  1082 | D:2      | Found a glowing golden altar of the Shining One.
  1314 | D:3      | Found a shadowy altar of Dithmenos.
  1426 | D:3      | Found a glowing silver altar of Zin.
  1426 | D:3      | Noticed an angel
  1484 | D:3      | Reached XP level 4. HP: 32/41 MP: 3/3
  1640 | D:3      | Reached *** piety under Trog
  1901 | D:4      | Noticed an ogre
  1908 | D:4      | Killed an ogre
  1908 | D:4      | Reached XP level 5. HP: 29/47 MP: 4/4
  2032 | D:4      | Found a sacrificial altar of Ru.
  2049 | D:4      | Reached skill level 5 in Polearms
  2069 | D:4      | Found Sadynuc's Food Shop.
  2095 | D:4      | Reached skill level 5 in Fighting
  2150 | D:4      | Noticed a phantom
  2159 | D:4      | Reached XP level 6. HP: 45/56 MP: 5/5
  2446 | D:4      | Reached XP level 7. HP: 62/62 MP: 6/6
  2508 | D:4      | Reached skill level 5 in Armour
  2705 | D:5      | Entered Level 5 of the Dungeon
  2728 | D:5      | Found a staircase to the Ecumenical Temple.
  2868 | D:5      | Noticed Edmund
  2879 | D:5      | Killed Edmund
  2879 | D:5      | Reached skill level 5 in Dodging
  3025 | D:5      | Found a sacrificial altar of Ru.
  3175 | D:5      | Reached XP level 8. HP: 57/71 MP: 7/7
  3860 | D:6      | Found a blossoming altar of Fedhas.
  3943 | D:6      | Noticed Grinder
  3958 | D:6      | Killed Grinder
  4260 | D:6      | Found a shadowy altar of Dithmenos.
  4418 | D:7      | Reached **** piety under Trog
  4931 | D:7      | Found a deep blue altar of Sif Muna.
  5197 | D:7      | Reached skill level 1 in Bows
  5197 | D:7      | Reached XP level 9. HP: 67/79 MP: 5/8
  5402 | D:8      | Found a sand-covered staircase.
  5409 | Ossuary  | Entered an ossuary
  5765 | Ossuary  | Reached ***** piety under Trog
  5894 | Ossuary  | Reached skill level 10 in Polearms
  6115 | D:8      | Found a staircase to the Lair.
  6192 | D:8      | Found an oddly glowing altar of Pakellas.
  6224 | D:8      | Found a glowing golden altar of the Shining One.
  6363 | D:8      | Noticed Grum
  6387 | D:8      | Killed Grum
  6562 | D:8      | Found a sacrificial altar of Ru.
  7353 | D:9      | Noticed Prince Ribbit
  7371 | D:8      | Killed Prince Ribbit
  7371 | D:8      | Reached XP level 10. HP: 35/88 MP: 3/9
  7742 | D:9      | Reached skill level 5 in Bows
  7793 | D:9      | Found a staircase to the Orcish Mines.
  8144 | Lair:1   | Entered Level 1 of the Lair of Beasts
  8182 | Lair:1   | Noticed a four-headed hydra
  8195 | Lair:1   | Killed a four-headed hydra
  8316 | Lair:1   | Noticed Gastronok
  8340 | Lair:1   | Killed Gastronok
  8449 | Lair:1   | Noticed Erica
  8460 | Lair:1   | Killed Erica
  8460 | Lair:1   | Received a gift from Trog
  8460 | Lair:1   | Reached XP level 11. HP: 93/97 MP: 10/10
  8590 | Lair:1   | Got a shimmering leather armour
  8608 | Lair:1   | Identified the +0 leather armour of the Snail {Str+2} (You found it on level 1 of the Lair of Beasts)
  8674 | Lair:1   | Found a radiant altar of Vehumet.
  9823 | Lair:1   | Received a gift from Trog
 10263 | Lair:2   | Found a labyrinth entrance.
 10268 | Lab      | Entered a labyrinth
 10379 | Lab      | Reached skill level 10 in Fighting
 10560 | Lab      | Noticed a minotaur
 10583 | Lab      | Killed a minotaur
 10590 | Lab      | Got an encrusted shadow dragon armour
 10617 | Lab      | Got a translucent lead ring
 10618 | Lab      | Got a scorched hunting sling
 10647 | Lair:2   | Identified the cursed +2 hunting sling "Dragonbane" {venom, Stlth+} (You found it in a labyrinth)
 10678 | Lair:2   | Identified the +12 shadow dragon armour of Uluhir {rN+ Stlth++++} (You took it off a minotaur in a labyrinth)
 10679 | Lair:2   | Identified the ring of Irchiffa {*Drain rPois rN++ Str+4 Slay+6} (You found it in a labyrinth)
 11026 | Lair:2   | Received a gift from Trog
 11420 | Lair:2   | Received a gift from Trog
 11709 | Lair:3   | Noticed Harold
 11726 | Lair:3   | Killed Harold
 11726 | Lair:3   | Reached XP level 12. HP: 106/106 MP: 11/11
 11984 | Lair:3   | Found a shattered altar of Ashenzari.
 12931 | Lair:4   | Identified a scroll of acquirement
 13040 | Lair:4   | Found a hole to the Spider Nest.
 13217 | Lair:4   | Noticed a death yak
 13219 | Lair:4   | Noticed a death yak
 13220 | Lair:4   | Noticed a death yak
 13222 | Lair:4   | Noticed a death yak
 13227 | Lair:4   | Killed a death yak
 13227 | Lair:4   | Reached skill level 10 in Armour
 13231 | Lair:4   | Killed a death yak
 13236 | Lair:4   | Killed a death yak
 13236 | Lair:4   | Reached skill level 10 in Bows
 13240 | Lair:4   | Killed a death yak
 13673 | Lair:5   | Noticed a four-headed hydra
 13681 | Lair:5   | Killed a two-headed hydra
 13681 | Lair:5   | Reached skill level 10 in Dodging
 13686 | Lair:5   | Noticed Snorg
 13697 | Lair:5   | Killed Snorg
 13713 | Lair:5   | Received a gift from Trog
 14178 | Lair:5   | Found a staircase to the Shoals.
 14758 | Lair:6   | Reached XP level 13. HP: 115/116 MP: 12/12
 15668 | Lair:7   | Got an encrusted plate armour
 15681 | Lair:7   | Identified the +3 plate armour of Dexirr {+Blink Regen+ Dex-5} (You found it on level 7 of the Lair of Beasts)
 15729 | Lair:7   | Reached ****** piety under Trog
 15857 | Lair:7   | Reached skill level 15 in Polearms
 16017 | Lair:7   | Received a gift from Trog
 16170 | Lair:7   | Received a gift from Trog
 16618 | Lair:8   | Entered Level 8 of the Lair of Beasts
 16671 | Lair:8   | Received a gift from Trog
 16970 | Lair:8   | Found a viscous altar of Jiyva.
 16970 | Lair:8   | Found a staircase to the Slime Pits.
 17106 | Lair:8   | Found a runed door.
 17221 | Lair:8   | Received a gift from Trog
 18393 | Orc:1    | Entered Level 1 of the Orcish Mines
 18407 | Orc:1    | Reached XP level 14. HP: 126/126 MP: 13/13
 18599 | Orc:2    | Entered Level 2 of the Orcish Mines
 18602 | Orc:2    | Received a gift from Trog
 18661 | Orc:2    | Found Seapneyr's Assorted Antiques.
 18924 | Orc:2    | Found Ziothrur's Antique Weapon Shop.
 18925 | Orc:2    | Found Meubbe Hytso's Armour Emporium.
 18935 | Orc:2    | Found Diajiem's Weapon Boutique.
 18955 | Orc:2    | Bought the +9 trident "Wuill" {pierce, rF+ rC+ MR+} for 921 gold pieces
 19065 | Orc:2    | Received a gift from Trog
 19290 | Orc:2    | Received a gift from Trog
 19313 | Orc:2    | Noticed a stone giant
 19317 | Orc:2    | Killed a stone giant
 19350 | Orc:2    | Found a staircase to the Elven Halls.
 19643 | Orc:1    | Noticed an orc warlord
 19661 | Orc:2    | Killed an orc warlord
 19746 | Orc:1    | Received a gift from Trog
 20117 | D:10     | Entered Level 10 of the Dungeon
 20173 | D:10     | Found a flagged portal.
 20184 | Bailey   | Entered a bailey
 20764 | D:10     | Received a gift from Trog
 20851 | D:10     | Got a bronze leather armour
 20862 | D:10     | Identified the cursed +0 leather armour of Intuition {rPois rC+} (You found it on level 10 of the Dungeon)
 21958 | D:11     | Received a gift from Trog
 22154 | D:12     | Found a frozen archway.
 22163 | D:12     | Received a gift from Trog
 22184 | IceCv    | Entered an ice cave
 22597 | IceCv    | Reached XP level 15. HP: 135/135 MP: 14/14
 22816 | IceCv    | Noticed a frost giant
 22831 | IceCv    | Killed a frost giant
 23711 | D:12     | Noticed Psyche
 23716 | D:12     | Killed Psyche
 23716 | D:12     | Received a gift from Trog
 24278 | D:13     | Found Foupucw's Book Shop.
 25070 | D:14     | Identified a +1 pair of boots of running (You found it on level 14 of the Dungeon)
 25110 | D:14     | Received a gift from Trog
 25611 | D:14     | Found a gate to the Vaults.
 25628 | D:14     | Reached skill level 15 in Bows
 25804 | D:15     | Entered Level 15 of the Dungeon
 25949 | D:15     | Found a staircase to the Depths.
 26286 | D:15     | Reached XP level 16. HP: 93/145 MP: 15/15
 26412 | D:15     | Noticed Josephine
 26415 | D:15     | Killed Josephine
 26544 | D:15     | Received a gift from Trog
 26937 | D:15     | Received a gift from Trog
 27368 | Spider:1 | Entered Level 1 of the Spider Nest
 29094 | Spider:3 | Received a gift from Trog
 29551 | Spider:4 | Entered Level 4 of the Spider Nest
 30016 | Spider:4 | Received a gift from Trog
 30078 | Spider:4 | Got a transparent halberd
 30079 | Spider:4 | Identified the +9 halberd "Remuck" {drain, +Inv +Fly Dex-3 SInv} (You found it on level 4 of the Spider Nest)
 30283 | Spider:4 | Reached XP level 17. HP: 133/154 MP: 0/16
 30592 | Spider:4 | Reached skill level 15 in Fighting
 30594 | Spider:4 | Received a gift from Trog
 30615 | Spider:4 | HP: 6/156 [poisoned by a ghost moth]
 30817 | Spider:4 | Got a gossamer rune of Zot
 31031 | Shoals:1 | Entered Level 1 of the Shoals
 31063 | Shoals:1 | Found Asiapsa's Jewellery Emporium.
 31074 | Shoals:1 | Bought the amulet of the Many Ships {Faith Fragile Str+7 Slay+4} for 1020 gold pieces
 31074 | Shoals:1 | Bought the ring "Noine" {*Contam +Blink +Fly MR+} for 497 gold pieces
 31721 | Shoals:1 | Received a gift from Trog
 31723 | Shoals:1 | Reached skill level 15 in Armour
 32173 | Shoals:2 | Received a gift from Trog
 32239 | Shoals:2 | Found Ecycithre's Jewellery Shop.
 32272 | Shoals:2 | Found a radiant altar of Vehumet.
 32306 | Shoals:2 | Found Itzisch's Magic Scroll Boutique.
 32317 | Shoals:2 | Received a gift from Trog
 32344 | Shoals:2 | Bought a scroll of acquirement for 572 gold pieces
 32460 | Shoals:2 | Found Pogumm's Distillery.
 32518 | Shoals:2 | Found Owownirap's Antique Weapon Shoppe.
 32709 | Shoals:2 | Found Tuch's Antique Weapon Boutique.
 33455 | Shoals:3 | Received a gift from Trog
 33507 | Shoals:3 | Noticed a kraken
 33516 | Shoals:3 | Killed a kraken
 33920 | Shoals:4 | Entered Level 4 of the Shoals
 33931 | Shoals:4 | Noticed Ilsuiw
 33933 | Shoals:4 | Reached XP level 18. HP: 145/163 MP: 17/17
 34037 | Shoals:4 | Killed Ilsuiw
 34628 | Shoals:4 | Received a gift from Trog
 34859 | Shoals:4 | Got a translucent marble ring
 34861 | Shoals:4 | Identified the ring "Piguneon" {MR+ Dex+3} (You found it on level 4 of the Shoals)
 34906 | Shoals:4 | Got a brightly glowing scale mail
 34914 | Shoals:4 | Identified the +1 scale mail of the Six Songs {rElec rC+ MR- Dex+2} (You found it on level 4 of the Shoals)
 34993 | Shoals:4 | Received a gift from Trog
 34993 | Shoals:4 | Reached skill level 15 in Dodging
 35107 | Shoals:4 | Got a barnacled rune of Zot
 35986 | Vaults:1 | Entered Level 1 of the Vaults
 36158 | Vaults:1 | Received a gift from Trog
 36721 | Vaults:1 | Received a gift from Trog
 36896 | Vaults:1 | Found Jidigh Veur's Food Boutique.
 37042 | Vaults:1 | Received a gift from Trog
 37151 | Vaults:1 | Received a gift from Trog
 37157 | Vaults:1 | Reached XP level 19. HP: 127/174 MP: 18/18
 37640 | Vaults:2 | Found Lorphafe's Distillery.
 37648 | Vaults:2 | Found Ereloil's Assorted Antiques.
 37665 | Vaults:2 | Noticed Frederick
 37702 | Vaults:2 | Killed Frederick
 37835 | Vaults:2 | Noticed Sojobo
 37849 | Vaults:2 | Killed Sojobo
 38000 | Vaults:2 | Gained mutation: You are weak. (Str -2) [mutagenic glow]
 38089 | Vaults:2 | Received a gift from Trog
 38161 | Vaults:2 | Bought a scroll of identify for 68 gold pieces
 38165 | Vaults:2 | Gained mutation: Your spells are a little harder to cast, but a little more powerful. [potion of beneficial mutation]
 38235 | Vaults:2 | Got a smoking scale mail
 38246 | Vaults:2 | Identified the +1 scale mail "Ucwyitesch" {Regen+} (You found it on level 2 of the Vaults)
 38368 | Vaults:2 | Got a fine ring mail
 38383 | Vaults:2 | Identified the cursed +1 ring mail "Iheu" {rN+} (You found it on level 2 of the Vaults)
 38656 | Vaults:2 | Noticed Norris
 38670 | Vaults:2 | Killed Norris
 38878 | Vaults:2 | Received a gift from Trog
 39499 | Vaults:2 | Received a gift from Trog
 39876 | Vaults:3 | Got a pair of translucent gloves
 39887 | Vaults:3 | Identified the -4 pair of gloves of the Iron City of Dis {rElec Str+6 Slay-3 SInv} (You acquired it on level 3 of the Vaults)
 39952 | Vaults:3 | Found a staircase to the Crypt.
 40170 | Vaults:3 | Received a gift from Trog
 40187 | Vaults:3 | Reached XP level 20. HP: 171/184 MP: 19/19
 40651 | Vaults:3 | Noticed Saint Roka
 40669 | Vaults:3 | Killed Saint Roka
 41001 | Vaults:3 | Received a gift from Trog
 41460 | Vaults:4 | Noticed Jory
 41476 | Vaults:4 | Killed Jory
 41723 | Vaults:4 | Received a gift from Trog
 41733 | Vaults:4 | Noticed Wiglaf
 41740 | Vaults:4 | Killed Wiglaf
 42164 | Vaults:4 | Received a gift from Trog
 42657 | Vaults:5 | Entered Level 5 of the Vaults
 42671 | Vaults:4 | Received a gift from Trog
 42952 | Vaults:5 | Slain by a phantasmal warrior

Skill      XL: |  1  2  3  4  5  6  7  8  9 10 11 12 13 14 15 16 17 18 19 20 |
---------------+-------------------------------------------------------------+-----
Polearms       | 4 5 7 9 10 12 13 14 16 17 18 19 20 21 | 21.5
Fighting       | 4 5 6 7 8 9 10 11 12 13 14 15 16 17 18 | 18.5
Armour         | 3 4 5 7 8 9 10 11 12 13 14 15 16 17 18 | 18.5
Dodging        | 3 4 5 6 7 8 9 10 11 12 13 14 15 16 17 | 17.4
Bows           | 1 4 6 9 10 12 13 15 18 20 21 | 21.2

Action                   |  1- 3 |  4- 6 |  7- 9 | 10-12 | 13-15 | 16-18 | 19-21 || total
-------------------------+-------+-------+-------+-------+-------+-------+-------++-------
Melee: Spear             |   100 |    53 |    35 |    17 |       |       |       ||   205
       Headbutt          |    14 |    12 |    76 |    94 |   203 |   180 |    96 ||   675
       Trident           |       |    70 |   394 |   343 |   519 |   605 |    70 ||  2001
       Halberd           |       |       |       |   159 |   281 |       |       ||   440
       Longbow           |       |       |       |       |     1 |       |       ||     1
       Glaive            |       |       |       |       |       |       |   304 ||   304
 Fire: Shortbow          |       |       |    55 |   337 |   253 |       |       ||   645
       Longbow           |       |       |       |       |   516 |   977 |   392 ||  1885
Invok: Burn Spellbooks   |     1 |       |       |     1 |     3 |     1 |     1 ||     7
       Berserk           |       |       |     3 |     5 |     1 |     2 |     2 ||    13
       Trog's Hand       |       |       |       |     1 |       |     1 |       ||     2
       Brothers in Arms  |       |       |       |     1 |       |       |       ||     1
Evoke: Wand              |       |       |       |       |     1 |       |       ||     1
       Deck              |       |       |       |       |       |       |     2 ||     2
  Use: Scroll            |       |       |    16 |    14 |    16 |    12 |     6 ||    64
       Potion            |       |       |       |       |       |     1 |     1 ||     2
 Stab: Sleeping          |     1 |       |     9 |       |     1 |       |     3 ||    14
       Distracted        |       |       |       |       |       |     1 |     1 ||     2
  Eat: Chunk             |     1 |     4 |    18 |    20 |    36 |    30 |    18 ||   127
       Pizza             |       |       |     2 |     2 |       |     3 |       ||     7
       Beef jerky        |       |       |     2 |     1 |       |       |       ||     3
       Fruit             |       |       |     1 |     1 |       |       |       ||     2
       Royal jelly       |       |       |       |     2 |       |       |       ||     2
Armor: Animal skin       |    10 |       |       |       |       |       |       ||    10
       Ring mail         |    11 |    31 |    96 |       |       |       |       ||   138
       Leather armour    |     1 |       |       |       |       |       |       ||     1
       Scale mail        |       |       |     3 |   116 |       |       |       ||   119
       Shadow dragon arm |       |       |       |    53 |   354 |   397 |   195 ||   999
       Ice dragon armour |       |       |       |       |    31 |       |       ||    31
Dodge: Dodged            |    38 |    49 |   154 |   257 |   469 |   507 |   285 ||  1759
